Map: Nightshade LE

Players

Fattbut

  • Race: Zerg Zerg
  • Spawn Location: 5:00

shadowstorm

  • Race: Zerg Zerg
  • League: Diamond
  • Spawn Location: 11:00

FatFingers

  • Race: Protoss Protoss

YetiGBR

  • Race: Protoss Protoss

VOD

Have the link to the VOD?

Description

Time

  • Played on: Jan. 30, 2020, 5:57 p.m.
  • Length: 6:30
Show
View Real Time Build Order
Export as new Build Order

Fattbut Zerg 

Build Orders: Hatch First, Swarm Host 

Get SALT Encoding   

  12  0:01  Drone  
  13  0:14  Overlord  
  13  0:20  Drone  
  14  0:33  Drone x2  
  16  0:55  Hatchery  
  15  0:59  Drone  
  15  1:00  Drone  
  17  1:07  Drone  
  18  1:16  Extractor, Drone  
  18  1:24  Spawning Pool  
  17  1:29  Extractor  
  16  1:36  Drone x2  
  19  1:41  Extractor  
  19  1:46  Drone  
  19  1:55  Overlord  
  20  2:11  Queen x2  
  20  2:12  Extractor  
  20  2:13  Zergling x4  
  25  2:21  Drone x2  
  27  2:25  Drone  
  27  2:29  Metabolic Boost  
  28  2:40  Drone x2  
  28  2:42  Drone  
  31  2:47  Overlord  
  31  2:50  Overlord  
  31  2:57  Drone  
  32  3:03  Drone  
  33  3:08  Drone  
  34  3:16  Overlord  
  34  3:18  Drone  
  34  3:19  Drone  
  37  3:20  Drone  
  37  3:21  Drone x4  
  41  3:27  Drone  
  42  3:35  Lair  
  42  3:37  Spore Crawler  
  42  3:38  Spore Crawler  
  42  3:41  Zergling x2  
  41  3:42  Drone x2  
  41  3:47  Overlord  
  43  3:51  Extractor, Drone x3  
  45  3:56  Extractor  
  45  4:00  Extractor  
  45  4:01  Drone x2  
  45  4:05  Drone  
  46  4:21  Overlord  
  45  4:31  Overlord  
  44  4:43  Infestation Pit  
  44  4:44  Roach Warren, Drone x3  
  44  4:45  Drone x4  
  49  4:49  Overlord  
  49  4:55  Overlord  
  49  4:56  Nydus Network  
  47  5:08  Drone x2  
  47  5:09  Evolution Chamber  
  49  5:22  Swarm Host x2  
  49  5:23  Swarm Host x5  
  70  5:35  Nydus Canal  
  70  5:38  Roach x2  
  70  5:39  Roach x3  
  80  5:44  Roach  
  80  5:47  Roach x2  
  86  5:57  Zergling x6  
  86  6:04  Roach x2  
  93  6:08  Ravager x2  
  93  6:10  Roach x2  
Show
View Real Time Build Order
Export as new Build Order

shadowstorm Zerg 

Build Orders:  

Get SALT Encoding   

  12  0:02  Probe  
  13  0:21  Probe  
  13  0:24  Pylon  
  14  0:34  Probe (Chrono Boost)  
  15  0:46  Probe (Chrono Boost)  
  16  0:52  Probe (Chrono Boost)  
  16  0:56  Gateway  
  17  1:01  Assimilator  
  17  1:03  Probe (Chrono Boost)  
  18  1:12  Probe (Chrono Boost)  
  18  1:17  Probe (Chrono Boost)  
  20  1:29  Probe  
  20  1:31  Nexus  
  21  1:37  Pylon  
  21  1:55  Cybernetics Core  
  21  1:58  Pylon  
  21  2:16  Probe (Chrono Boost)  
  21  2:20  Zealot (Chrono Boost)  
  24  2:25  Probe (Chrono Boost)  
  25  2:30  Probe (Chrono Boost)  
  25  2:44  Adept (Chrono Boost)  
  25  2:45  Probe  
  28  2:51  Warp Gate  
  28  2:54  Probe  
  28  2:57  Probe  
  30  3:02  Assimilator  
  30  3:06  Assimilator  
  30  3:07  Probe  
  30  3:09  Probe  
  32  3:19  Probe  
  33  3:21  Probe  
  33  3:25  Stalker  
  36  3:31  Probe  
  38  3:35  Probe (Chrono Boost)  
  38  3:43  Probe (Chrono Boost)  
  38  3:46  Assimilator  
  40  3:51  Probe (Chrono Boost)  
  40  3:52  Probe (Chrono Boost), Twilight Council  
  41  3:58  Probe x2 (Chrono Boost)  
  45  4:10  Probe (Chrono Boost)  
  45  4:15  Probe (Chrono Boost)  
  45  4:17  Probe (Chrono Boost), Pylon  
  45  4:21  Probe (Chrono Boost)  
  47  4:24  Probe  
  47  4:27  Pylon  
  47  4:30  Robotics Facility  
  48  4:33  Probe  
  48  4:36  Probe  
  50  4:45  Probe  
  51  4:58  Probe  
  51  5:10  Probe  
  52  5:20  Warp Prism (Chrono Boost)  
  54  5:26  Templar Archives  
  54  5:32  Gateway x2  
  54  5:35  Gateway  
  54  5:36  Gateway  
  54  5:38  Gateway  
  54  5:41  Stargate  
Show
View Real Time Build Order
Export as new Build Order

FatFingers Protoss 

Build Orders:  

Get SALT Encoding   

Show
View Real Time Build Order
Export as new Build Order

YetiGBR Protoss 

Build Orders:  

Get SALT Encoding   

Tags
 
Add a new tag
Caveats
  • Supply blocks, unpowered buildings, or Contaminate may cause inaccurate times.
  • Supply counts are checked every 10 seconds.